Map: Acid Plant LE

Players

Scarlett

  • Race: Zerg Zerg
  • Spawn Location: 5:00

TRUE - Winner!

  • Race: Zerg Zerg
  • Spawn Location: 11:00

Event: IEM Season 12 - Katowice

VOD

Have the link to the VOD?

Description

Time

  • Played on: Feb. 26, 2018, 1:58 p.m.
  • Length: 10:50

All games in this series

Show
View Real Time Build Order
Export as new Build Order

Scarlett Zerg 

Build Orders: Hatch First, Zergling Baneling 

Get SALT Encoding   

  12  0:00  Drone  
  13  0:12  Overlord  
  13  0:16  Drone  
  14  0:30  Drone x2  
  14  0:34  Drone  
  17  0:50  Hatchery  
  17  0:54  Drone  
  17  0:57  Drone  
  18  1:04  Extractor  
  17  1:12  Spawning Pool  
  17  1:15  Drone  
  17  1:18  Drone  
  18  1:28  Drone  
  19  1:38  Drone  
  20  1:49  Overlord  
  20  1:58  Queen  
  22  2:02  Queen  
  22  2:04  Metabolic Boost  
  22  2:07  Drone x2  
  26  2:11  Drone  
  26  2:13  Drone  
  28  2:21  Drone  
  29  2:25  Drone  
  30  2:32  Drone  
  30  2:34  Queen  
  33  2:43  Hatchery  
  32  2:49  Baneling Nest  
  31  2:53  Overlord  
  31  2:54  Zergling x2  
  31  2:57  Zergling x2  
  33  3:00  Zergling x2  
  33  3:03  Drone  
  36  3:05  Drone  
  36  3:10  Overlord  
  36  3:15  Drone x3  
  39  3:25  Drone x2  
  41  3:28  Overlord  
  41  3:30  Queen  
  41  3:33  Baneling x2  
  43  3:34  Drone  
  43  3:41  Drone  
  45  3:47  Zergling x8  
  49  3:55  Zergling x2  
  50  3:57  Baneling x2  
  50  4:02  Zergling x6  
  53  4:11  Baneling  
  53  4:16  Drone x3  
  55  4:20  Roach Warren  
  55  4:21  Evolution Chamber  
  55  4:22  Drone  
  55  4:23  Drone x2  
  56  4:25  Baneling x3  
  56  4:28  Drone x3  
  59  4:33  Drone x7  
  59  4:35  Extractor  
  59  4:37  Extractor  
  59  4:49  Zergling x6  
  59  4:50  Zergling x2  
  61  4:57  Zerg Missile Weapons Level 1  
  60  5:03  Zergling x2  
  60  5:04  Zergling x2  
  60  5:05  Lair, Overlord  
  61  5:07  Zergling x2  
  61  5:08  Zergling x6  
  61  5:09  Baneling  
  61  5:26  Roach x5  
  70  5:36  Overlord x2  
  70  5:37  Drone x3  
  70  5:41  Overlord x2  
  73  5:43  Drone, Overlord  
  73  5:48  Overlord  
  73  5:49  Drone  
  73  5:54  Roach x2  
  73  5:55  Roach x2  
  73  5:56  Roach  
  83  5:59  Roach  
  82  6:13  Zergling x2  
  82  6:14  Zergling x18  
  82  6:15  Hydralisk Den  
  89  6:23  Drone x2, Queen x2  
  95  6:31  Drone x3  
  95  6:32  Drone x4  
  99  6:40  Drone x3  
  99  6:41  Drone x2  
  99  6:43  Extractor  
  99  6:45  Queen  
  104  6:53  Zerg Missile Weapons Level 2, Grooved Spines  
  104  6:55  Drone, Evolution Chamber  
  104  6:57  Drone x2  
  104  6:58  Drone  
  107  7:03  Drone  
  107  7:06  Spore Crawler  
  107  7:08  Hydralisk x2  
  107  7:09  Overlord  
  107  7:11  Spore Crawler  
  110  7:16  Overlord  
  110  7:17  Overlord  
  110  7:19  Spore Crawler, Overlord  
  108  7:23  Zerg Ground Armor Level 1  
  107  7:37  Drone x2  
  107  7:38  Drone x10  
  107  7:41  Extractor x2  
  107  7:42  Overlord  
  107  7:43  Overlord  
  116  7:52  Spore Crawler  
  116  7:57  Drone x2  
  116  7:58  Drone x2  
  113  8:00  Overlord x5  
  113  8:05  Drone x2  
  110  8:11  Muscular Augments  
  104  8:13  Drone  
  104  8:14  Drone x3  
  104  8:20  Drone  
  104  8:21  Drone  
  106  8:29  Glial Reconstitution  
  106  8:31  Baneling x3, Hydralisk x4  
  114  8:35  Drone x2  
  114  8:36  Drone  
  114  8:38  Drone  
  114  8:39  Drone  
  114  8:41  Drone  
  120  8:42  Drone  
  120  8:45  Hydralisk  
  120  8:47  Hydralisk  
  125  8:52  Lurker Den, Hydralisk  
  124  8:56  Hydralisk  
  124  9:00  Baneling x3  
  126  9:08  Hydralisk x3  
  132  9:17  Overlord  
  132  9:19  Overlord x2  
  132  9:26  Extractor  
  129  9:32  Overlord x2  
  129  9:37  Baneling x3, Hydralisk x6  
  140  9:47  Baneling x3  
  140  9:51  Spore Crawler x2  
  138  9:53  Roach, Hydralisk  
  138  9:54  Roach  
  144  10:05  Hydralisk x5  
  142  10:16  Drone x7  
  142  10:21  Drone x2  
  94  10:37  Drone x3  
Show
View Real Time Build Order
Export as new Build Order

TRUE Zerg - Winner!

Build Orders: Hatch First, Muta Ling Bane 

Get SALT Encoding   

  12  0:00  Drone  
  13  0:12  Overlord  
  13  0:16  Drone  
  14  0:30  Drone x2  
  14  0:34  Drone  
  17  0:51  Hatchery  
  17  0:55  Drone  
  17  0:58  Drone  
  17  1:02  Extractor  
  17  1:14  Spawning Pool  
  17  1:17  Drone  
  17  1:20  Drone  
  18  1:28  Drone  
  19  1:37  Overlord  
  19  1:49  Drone  
  20  1:59  Drone  
  20  2:00  Queen  
  23  2:03  Drone, Queen  
  23  2:07  Metabolic Boost  
  26  2:12  Drone  
  26  2:14  Drone  
  28  2:21  Drone  
  29  2:25  Drone  
  30  2:40  Hatchery  
  30  2:43  Drone, Baneling Nest  
  29  2:46  Drone  
  29  2:50  Drone x2  
  32  2:55  Zergling x2  
  32  2:57  Overlord  
  33  3:05  Zergling x2  
  34  3:08  Drone x2  
  34  3:12  Overlord  
  36  3:13  Overlord  
  36  3:16  Drone  
  36  3:18  Drone  
  36  3:19  Zergling x2  
  39  3:22  Zergling x2  
  39  3:26  Baneling x2  
  41  3:27  Zergling x4  
  41  3:33  Queen  
  44  3:40  Drone x2  
  46  3:44  Drone x3  
  46  3:46  Drone  
  51  3:48  Drone  
  51  3:49  Drone  
  51  3:50  Drone  
  51  3:52  Drone  
  54  3:56  Zergling x2  
  54  4:02  Lair  
  54  4:04  Extractor  
  54  4:05  Overlord  
  54  4:06  Drone, Extractor  
  52  4:12  Overlord  
  52  4:17  Zergling x2  
  51  4:19  Zergling x8  
  51  4:20  Zergling x2  
  51  4:21  Zergling x2  
  57  4:26  Baneling  
  57  4:30  Baneling  
  57  4:33  Zergling x10  
  57  4:38  Zergling x4  
  64  4:43  Baneling x2  
  64  4:44  Zergling x2  
  64  4:46  Zergling x2  
  64  4:48  Queen  
  61  5:03  Drone, Spire  
  61  5:04  Drone x6  
  61  5:05  Extractor  
  65  5:07  Baneling  
  65  5:12  Drone x2  
  65  5:13  Drone x2  
  68  5:15  Drone x2  
  68  5:20  Drone  
  69  5:25  Drone x2, Overlord  
  69  5:26  Drone x2  
  73  5:28  Zergling x2  
  73  5:31  Zergling x2  
  73  5:32  Zergling x4  
  76  5:38  Extractor x2, Zergling x2  
  76  5:40  Zergling x2  
  76  5:42  Baneling  
  76  5:43  Baneling x3  
  76  5:44  Zergling x2  
  76  5:50  Zergling x4  
  76  5:52  Spine Crawler, Zergling x2  
  78  6:00  Zergling x4  
  78  6:02  Baneling x2  
  78  6:03  Zergling x2  
  77  6:15  Mutalisk x6  
  77  6:17  Overlord  
  88  6:18  Overlord  
  88  6:21  Overlord  
  88  6:24  Mutalisk  
  89  6:29  Mutalisk  
  89  6:33  Mutalisk  
  89  6:35  Mutalisk  
  89  6:36  Drone  
  89  6:37  Drone x2  
  89  6:39  Drone  
  96  6:40  Drone  
  96  6:43  Mutalisk  
  96  6:46  Mutalisk  
  100  6:51  Mutalisk  
  102  6:55  Drone x3  
  102  7:00  Baneling x2  
  105  7:04  Zerg Flyer Weapons Level 1  
  105  7:08  Hatchery  
  105  7:10  Centrifical Hooks  
  104  7:23  Drone x2  
  104  7:24  Drone x4  
  104  7:25  Overlord  
  104  7:28  Overlord x3  
  104  7:29  Zergling x2  
  111  7:31  Zergling x2  
  111  7:32  Zergling x2  
  111  7:35  Zergling x2  
  111  7:37  Overlord  
  114  7:39  Overlord  
  114  7:48  Mutalisk  
  114  7:49  Mutalisk  
  118  7:51  Mutalisk x2  
  118  7:53  Mutalisk  
  118  7:55  Mutalisk  
  118  7:57  Mutalisk  
  124  7:58  Zergling x4  
  124  7:59  Zergling x2  
  124  8:01  Mutalisk  
  127  8:06  Mutalisk  
  127  8:10  Mutalisk  
  127  8:16  Mutalisk  
  127  8:23  Mutalisk  
  127  8:25  Zergling x16  
  137  8:35  Baneling  
  137  8:36  Baneling x8  
  137  8:38  Baneling  
  137  8:39  Overlord  
  137  8:40  Drone x4  
  142  8:41  Drone  
  142  8:42  Zergling x10  
  142  8:43  Extractor  
  142  8:46  Zergling x2  
  147  8:48  Extractor, Baneling x4  
  147  8:49  Baneling x3  
  146  8:59  Zergling x4  
  146  9:02  Zergling x2  
  149  9:04  Zergling x2  
  149  9:05  Zergling x10  
  149  9:07  Zergling x4  
  157  9:10  Zergling x2  
  157  9:12  Zergling x2  
  159  9:17  Mutalisk  
  159  9:18  Mutalisk x2  
  159  9:19  Zergling x6  
  159  9:20  Overlord  
  159  9:22  Overlord  
  168  9:30  Zergling x2  
  168  9:31  Zergling x2  
  168  9:32  Baneling x4  
  168  9:33  Baneling x5  
  168  9:37  Overlord  
  168  9:42  Zergling x18  
  168  9:43  Zergling x2  
  177  9:47  Zergling x2  
  177  9:48  Zergling x2  
  177  9:52  Zergling x2  
  180  9:54  Baneling, Zergling x2  
  180  9:55  Baneling x4  
  180  9:56  Baneling x8  
  180  9:57  Zergling x2  
  182  10:06  Zergling x4  
  175  10:18  Zergling x2  
  175  10:19  Zergling x16  
  175  10:21  Baneling x18  
  175  10:23  Zergling x4  
  177  10:33  Zergling x2  

Tags
 
Add a new tag
Caveats
  • Supply blocks, unpowered buildings, or Contaminate may cause inaccurate times.
  • Supply counts are checked every 10 seconds.